 Dungeon Crawl Stone Soup version 0.32-a0-834-geaf45d8e21 (webtiles) character file.

Game seed: 3803432415464911216

2898 adelrune the Caller (level 9, -7/43 HPs)
             Began as a Felid Summoner on Mar 25, 2024.
             Was an Initiate of Kikubaaqudgha.
             Killed by divine providence
             ... invoked by Jeremiah
              (14 damage)
             ... on level 8 of the Dungeon.
             The game lasted 00:38:55 (10700 turns).

adelrune the Caller (Felid Summoner)               Turns: 10700, Time: 00:38:56

Health: -7/43      AC:  2    Str:  4    XL:     9   Next: 49%
Magic:  11/19      EV: 18    Int: 23    God:    Kikubaaqudgha [......]
Gold:   0          SH:  0    Dex: 17    Spells: 8/20 levels left
                                        Lives:  0   Deaths: 2

rFire   . . .        (weapon unavailable)
rCold   + . .        (shield unavailable)
rNeg    . . .        (body armour unavailable)
rPois   .            (helmet unavailable)
rElec   .            (cloak unavailable)
rCorr   .            (gloves unavailable)
SInv    +            (boots unavailable)
Will    +....        (no amulet)
Stlth   +++          u - ring of protection from cold
HPRegen 0.27/turn    o - ring of flight
MPRegen 0.16/turn

%: no passive effects
@: flying, inugami summoned
A: very small, claws 1, fangs 3, see invisible, shaggy fur 2, stealthy paws, no
weapons or thrown items, no armour, multi-lived
a: Renounce Religion


You were on level 8 of the Dungeon.
You worshipped Kikubaaqudgha.
Kikubaaqudgha was noncommittal.
You visited 2 branches of the dungeon, and saw 9 of its levels.

You collected 360 gold pieces.
You spent 360 gold pieces at shops.

Inventory:

Jewellery
 o - a ring of flight (right paw)
 u - a ring of protection from cold (left paw)
Wands
 p - a wand of flame (14)
Scrolls
 c - a scroll of enchant armour {unknown}
 e - a scroll of blinking {unknown}
 i - 2 scrolls of teleportation
 l - 2 scrolls of revelation {unknown}
 m - 2 scrolls of fear {unknown}
 q - a scroll of enchant weapon {unknown}
 s - a scroll of poison {unknown}
 t - a scroll of vulnerability {unknown}
 w - 3 scrolls of butterflies {unknown}
 x - a scroll of immolation {unknown}
 y - a scroll of identify
Potions
 a - 3 potions of magic
 b - 6 potions of curing
 d - 2 potions of haste
 f - a potion of degeneration {unknown}
 g - 2 potions of enlightenment
 h - 2 potions of heal wounds {unknown}
 j - 2 potions of resistance
 k - a potion of lignification {unknown}
 n - a potion of mutation
 r - a potion of berserk rage {unknown}
 v - a potion of ambrosia
 z - a potion of brilliance {unknown}


   Skills:
 + Level 2.5 Fighting
 + Level 4.7 Dodging
 + Level 5.0 Stealth
 + Level 6.2 Spellcasting
 + Level 7.6 Summonings
 - Level 5.0 Fire Magic
 - Level 5.0 Air Magic


You had 8 spell levels left.
You knew the following spells:

 Your Spells              Type           Power      Damage    Failure   Level
a - Summon Small Mammal   Summ           100%       N/A       1%          1
b - Call Canine Familiar  Summ           42%        N/A       1%          3
c - Summon Blazeheart Go  Fire/Summ      36%        N/A       6%          4
d - Summon Lightning Spi  Summ/Air       36%        N/A       6%          4

Your spell library contained the following spells:

 Spells                   Type           Power      Damage    Failure   Level
 Call Imp                 Summ           84%        N/A       1%          2
 Shock                    Conj/Air       72%        1d7       3%          1
 Swiftness                Air            30%        N/A       3%          3
 Inner Flame              Hex/Fire       18%        N/A       9%          3
 Airstrike                Air            15%        2d(3-19)  11%         4
 Dazzling Flash           Conj/Hex       14%        N/A       26%         3
 Gell's Gravitas          Tloc           7%         N/A       26%         3
 Teleport Other           Tloc           7%         N/A       26%         3
 Flame Wave               Conj/Fire      18%        2d7       30%         4
 Sticky Flame             Fire/Alch      18%        2d6       30%         4
 Iskenderun's Battlesphe  Conj           7%         2d6       93%         5
 Starburst                Conj/Fire      9%         6d5       99%         6
 Bombard                  Conj/Erth      3%         9d1       100%        6
 Dispersal                Tloc           3%         N/A       100%        6
 Spellforged Servitor     Conj/Summ      12%        N/A       100%        7
 Maxwell's Capacitive Co  Air            15%        ∞         100%        8


Dungeon Overview and Level Annotations

Branches:
Dungeon (8/15)             Temple (1/1) D:6
   Lair: D:8-11

Altars:
Cheibriados
Dithmenos
Elyvilon
Gozag
Hepliaklqana
Kikubaaqudgha
Makhleb
Nemelex Xobeh
Okawaru
Qazlal
Ru
Sif Muna
Trog
Uskayaw
Vehumet
Wu Jian
Xom
Yredelemnul
The Shining One

Shops:
D:7 !!(:

Annotations:
D:5 1 transporter
D:8 Jeremiah


Innate Abilities, Weirdness & Mutations

You have sharp claws.
You have razor-sharp teeth.
You have supernaturally acute eyesight. (SInv)
You are covered in thick fur. (AC +2)
Your paws help you pounce on unaware monsters.
You are incapable of wielding weapons or throwing items.
You cannot wear armour.
You gain extra lives every three experience levels.


Message History

Confirm with . or Enter, or press ? or * to list all spells.
You call for your canine familiar and it appears with a howl!
Casting: Call Canine Familiar (safe; 1% risk of failure)
Confirm with . or Enter, or press ? or * to list all spells.
Your blazeheart golem's core grows cold and it stops moving.
Jeremiah shouts, "O dreadful one, destroy my foe!"
Something smites you!
Casting: Summon Small Mammal (safe; 1% risk of failure)
Confirm with . or Enter, or press ? or * to list all spells.
Your bat completely misses the butterfly.
Your blazeheart golem's core flares to life once more.
Your bat closely misses the butterfly.
Jeremiah zaps a wand.
The roots erupt in riotous growth!
Roots grab your blazeheart golem. The grasping roots grab you!
The butterfly is unaffected. x2; Jeremiah is unaffected.
Roots grab your bat.
The grasping roots constrict your blazeheart golem.
The grasping roots constrict you. The grasping roots constrict your bat.
Your bat dies!
Your bat's corpse disappears in a puff of smoke!
Your blazeheart golem misses Jeremiah.
Your inugami closely misses the butterfly.
Jeremiah hits you from afar with a +2 vampiric trident!
The grasping roots constrict your blazeheart golem.
The grasping roots constrict you.
Jeremiah hits you from afar with a +2 vampiric trident!
* * * LOW HITPOINT WARNING * * *
The grasping roots constrict your blazeheart golem.
The grasping roots constrict you.
* * * LOW HITPOINT WARNING * * *
Your inugami hits the butterfly!
The butterfly dies!
The butterfly disappears in a burst of colours!
Your blazeheart golem punches Jeremiah!!
You escape the roots' grasp.
Jeremiah shouts, "O dreadful one, destroy my foe!"
Something smites you!
You die...
Jeremiah says, "O terrible one, your will is done."
Kikubaaqudgha rasps: You have failed me!
Welcome... death!

..........# ####rr.####...
..........# #...####...
..........# #......# ..
..........# #......#
..........# #..b...#.
..........# ##..?......
..........# ####..bb.#.....
..........# #....hbF.#.....
..........# #.##@.9bb####..
..........###'#...r.bb..'..
......[............b.####
................bb......
.........................
..............÷..........
..................)......
...............#.........
..................###..


You could see Jeremiah (ally target), a friendly blazeheart golem (summoned,
rooted), a friendly quokka (summoned) and a friendly inugami (summoned).

Vanquished Creatures
  Maurice (D:8)
  A wyvern (D:8)
  An ice beast (D:7)
  A kobold brigand (D:8)
  A bullfrog (D:8)
  2 kobolds (D:8)
7 creatures vanquished.

Vanquished Creatures (collateral kills)
  Prince Ribbit (D:6)
  Sigmund (D:2)
  Edmund (D:6)
  An ogre (D:6)
  A centaur (D:8)
  A kobold brigand (D:7)
  2 bullfrogs (D:7)
  4 scorpions
  A water moccasin zombie (D:3)
  A howler monkey (D:7)
  4 jellies
  3 bombardier beetles
  2 gnoll boudas
  4 orc priests
  Crazy Yiuf (D:2)
  2 iguanas (D:5)
  A sleepcap (D:7)
  7 orc wizards
  3 hound skeletons (D:3)
  Robin (D:2)
  13 gnolls
  2 adders
  2 adder skeletons (D:3)
  An adder zombie (D:3)
  3 ribbon worms
  2 dart slugs
  24 orcs
  An endoplasm (D:2)
  7 hobgoblins
  8 jackals
  A quokka (D:1)
  7 ball pythons
  A ball python zombie (D:3)
  6 bats
  3 frilled lizards
  A giant cockroach zombie (D:3)
  10 goblins
  9 kobolds
  A quokka skeleton (D:3)
  4 rats
148 creatures vanquished.

Vanquished Creatures (others)
  An orc wizard (D:6)
  6 blazeheart cores
7 creatures vanquished.

Grand Total: 162 creatures vanquished

Notes
Turn   | Place    | Note
-------+----------+-------------------------------------------
     0 | D:1      | adelrune the Felid Summoner began the quest for the Orb.
     0 | D:1      | Reached XP level 1. HP: 9/9 MP: 4/4
   750 | D:1      | Reached XP level 2. HP: 13/13 MP: 3/6
  1220 | D:2      | Found a faded altar of an unknown god.
  1687 | D:2      | Noticed Sigmund
  2151 | D:3      | Reached XP level 3. HP: 12/16 MP: 5/8
  2195 | D:3      | Learned a level 3 spell: Call Canine Familiar
  2677 | D:3      | Reached XP level 4. HP: 21/21 MP: 4/9
  2677 | D:3      | Gained a life (2 lives remaining)
  2748 | D:3      | Reached skill level 5 in Summonings
  2838 | D:3      | Reached XP level 5. HP: 24/24 MP: 8/11
  3236 | D:3      | Noticed Robin
  3442 | D:2      | Killed Robin
  3914 | D:2      | Killed Sigmund
  3915 | D:2      | Reached skill level 6 in Summonings
  3915 | D:2      | Gained mutation: You are covered in thick fur. (AC +2)
                  | [Felid growth]
  3915 | D:2      | Reached XP level 6. HP: 20/28 MP: 7/14
  4010 | D:2      | Found a runed translucent door.
  4011 | D:2      | Noticed Crazy Yiuf
  4082 | D:2      | Killed Crazy Yiuf
  4083 | D:2      | Reached skill level 5 in Spellcasting
  4225 | D:4      | Found a white marble altar of Elyvilon.
  4226 | D:4      | Found an iron altar of Okawaru.
  4229 | D:4      | Found a burning altar of Makhleb.
  4352 | D:4      | Reached XP level 7. HP: 32/32 MP: 11/15
  4944 | D:4      | Reached skill level 7 in Summonings
  5149 | D:4      | Found a radiant altar of Vehumet.
  5155 | D:4      | Learned a level 4 spell: Summon Blazeheart Golem
  5358 | D:5      | Entered Level 5 of the Dungeon
  5494 | D:5      | Reached skill level 1 in Fire Magic
  6618 | D:5      | Found a sparkling altar of Nemelex Xobeh.
  6618 | D:5      | Found a transporter.
  6619 | D:5      | Noticed a wraith
  6642 | D:5      | Found a basalt altar of Yredelemnul.
  6741 | D:5      | Reached XP level 8. HP: 36/36 MP: 15/17
  6841 | D:5      | Learned a level 4 spell: Summon Lightning Spire
  6959 | D:6      | Reached skill level 1 in Air Magic
  7278 | D:6      | Noticed Edmund
  7293 | D:6      | Killed Edmund
  7327 | D:6      | Reached skill level 5 in Fire Magic
  7572 | D:6      | Found a staircase to the Ecumenical Temple.
  7573 | D:6      | Noticed Prince Ribbit
  7590 | D:6      | Killed Prince Ribbit
  8078 | Temple   | Entered the Ecumenical Temple
  8086 | Temple   | Became a worshipper of Kikubaaqudgha
  8151 | D:7      | HP: 1/36 [asphyx]
  8448 | D:7      | Identified the +0 cloak of Pride {rF+ Slay+3}
  8498 | D:7      | Identified the +7 war axe of Ret Hev {freeze, rElec rPois}
  8627 | D:7      | Found Hafevea's Book Emporium.
  8627 | D:7      | Found Citoun's Distillery.
  8633 | D:7      | Found Ytsug's Weapon Emporium.
  8633 | D:7      | Found Qiraucod's Distillery.
  8645 | D:7      | Reached skill level 1 in Fighting
  8645 | D:7      | Reached XP level 9. HP: 25/41 MP: 16/18
  8711 | D:7      | Bought 2 potions of magic for 192 gold pieces
  8711 | D:7      | Bought 2 potions of curing for 72 gold pieces
  8711 | D:7      | Bought a potion of ambrosia for 96 gold pieces
  9736 | D:8      | Noticed Jeremiah
  9777 | D:8      | HP: 1/41 [Jeremiah/+2 vampiric trident (6)]
  9956 | D:8      | Slain by Jeremiah
  9956 | D:8      | Lost a life (1 life remaining)
  9983 | D:8      | HP: 2/41 [centaur (5)]
 10188 | D:8      | Noticed Maurice
 10195 | D:8      | Maurice stole 60 gold
 10211 | D:8      | Killed Maurice
 10212 | D:8      | Reached skill level 5 in Air Magic
 10430 | D:8      | HP: 2/42 [constriction (4)]
 10431 | D:8      | Killed from afar by Jeremiah
 10431 | D:8      | Lost a life (0 lives remaining)
 10578 | D:8      | Reached skill level 5 in Stealth
 10700 | D:8      | Killed from afar by Jeremiah

Illustrated notes

Levels and vault maps discovered:
D:1:      dpeg_arrival_short_road, layout_loops_ring
D:2:      layout_rooms, ebering_ecumenical_altar_petrified,
          nicolae_figureground_pulse, uniq_crazy_yiuf_cottage, uniq_sigmund
D:3:      layout_rooms, serial_undead, serial_undead_b, serial_undead_c,
          serial_undead_d, serial_undead_f, serial_undead_f, serial_undead_b,
          serial_undead_c, serial_undead_b, uniq_robin
D:4:      layout_cave_pools, mainiacjoe_overflow_small_starburst,
          chequers_temple_overflow_statue_of_worship
D:5:      layout_cave_pools, grunt_nemelex_the_gamble, kennysheep_mini_moat
D:6:      layout_cave_pools, minmay_temple_entry_tees, serial_rivers,
          chequers_serial_rivers_large_a, chequers_serial_rivers_large_b,
          chequers_serial_rivers_marsh, chequers_serial_rivers_room_a,
          chequers_serial_rivers_small_b, uniq_edmund, uniq_prince_ribbit1
D:7:      layout_loops_ring, minmay_shop_grid_forest, kennysheep_diamond
D:8:      layout_basic, uniq_jeremiah, uniq_maurice
Temple:   hellmonk_temple_forest_ring

Skill      XL: |  1  2  3  4  5  6  7  8  9 |
---------------+----------------------------+-----
Spellcasting   | 3 4 5 6 |  6.2
Summonings     | 5 6 7 |  7.6
Fire Magic     | 3 5 |  5.0
Air Magic      | 4 5 |  5.0
Stealth        | 3 5 |  5.0
Dodging        | 3 4 |  4.7
Fighting       | 1 2 |  2.5

Action                     |  1- 3 |  4- 6 |  7- 9 || total
---------------------------+-------+-------+-------++-------
  Melee: Unarmed           |     1 |       |    22 ||    23
   Cast: Summon Small Mamm |    59 |    11 |    39 ||   109
         Call Canine Famil |     4 |    21 |    59 ||    84
         Summon Blazeheart |       |       |    13 ||    13
    Use: Scroll            |       |       |     5 ||     5
         Potion            |       |       |     1 ||     1
   Stab: Distracted        |       |       |     1 ||     1
 Armour: Skin              |    32 |    20 |    77 ||   129
  Dodge: Dodged            |    94 |    37 |    88 ||   219

Table legend: (Time is in decaauts)
 A = Elapsed time spent in this place.
 B = Non-inter-level travel time spent in this place.
 C = Inter-level travel time spent in this place.
 D = Time resting spent in this place.
 E = Time spent auto-exploring this place.
 F = Levels seen in this place.
 G = Mean time per level.
                   A        B        C        D        E       F      G
               +--------+--------+--------+--------+--------+-----+--------+
         Total |  10770 |  10452 |    318 |   4423 |   3846 |   9 | 1196.7 |
       Dungeon |  10753 |  10442 |    311 |   4423 |   3846 |   8 | 1344.1 |
        Temple |     16 |      9 |      7 |      0 |      0 |   1 |   16.0 |
               +--------+--------+--------+--------+--------+-----+--------+

Top non-repeatable levels by time:
     D:7: 1739 daAuts
     D:4: 1696 daAuts
     D:2: 1539 daAuts
     D:3: 1532 daAuts
     D:6: 1281 daAuts
     D:1: 1099 daAuts
     D:5: 1032 daAuts
     D:8: 832 daAuts
  Temple: 16 daAuts
